 Dungeon Crawl Stone Soup version 0.17.1-1-g73c8601 (console) character file.

296 Kloppie the Skirmisher (level 6, -1/57 HPs)
             Began as a Draconian Fighter on Dec 17, 2015.
             Slain by an orc wizard
             ... wielding a +0 dagger
              (5 damage)
             ... on level 4 of the Dungeon.
             The game lasted 00:04:41 (2568 turns).

Kloppie the Skirmisher (Draconian Fighter)          Turns: 2568, Time: 00:04:41

Health: -1/57      AC:  6    Str: 20    XL:     6   Next: 12%
Magic:  6/6        EV: 10    Int:  8    God:
Gold:   183        SH:  0    Dex: 11    Spells: 0 memorised, 5 levels left

rFire  . . .     SeeInvis .     a - +0 flail
rCold  . . .     Clarity  .     (armour unavailable)
rNeg   . . .     SustAt   .     b - +0 shield
rPois  .         Gourm    .     (helmet restricted)
rElec  .         Spirit   .     (no cloak)
rCorr  .         Warding  .     (no gloves)
rMut   .         Stasis   .     (no boots)
MR     .....                    (no amulet)
Stlth  +.........               (no ring)
                                (no ring)

@: confused, lethally poisoned (-1 -> -3), not resistant to hostile
enchantments, very unstealthy
A: unfitting armour, cold-blooded, AC +6
a: no special abilities


You were on level 4 of the Dungeon.
You were not hungry.

You visited 1 branch of the dungeon, and saw 4 of its levels.

You collected 183 gold pieces.

Inventory:

Hand Weapons
 a - a +0 flail (weapon)
 v - a +1 vampiric whip
Armour
 b - a +0 shield (worn)
Wands
 c - a wand of magic darts (17)
Scrolls
 e - 2 scrolls of remove curse {unknown}
 f - a scroll of identify {unknown}
 h - 2 scrolls of fog {unknown}
 k - 2 scrolls of recharging {unknown}
 r - a scroll of magic mapping {unknown}
 s - a scroll of teleportation {unknown}
Potions
 i - a potion of resistance {unknown}
 j - a potion of agility {unknown}
 m - a potion of haste {unknown}
 n - 2 potions of heal wounds {unknown}
 p - 2 potions of lignification {unknown}
 q - 2 potions of cure mutation {unknown}
 t - 3 potions of curing {unknown}
Comestibles
 d - a bread ration
 g - 2 meat rations
 l - 4 chunks of flesh


   Skills:
 + Level 5.9 Fighting
 + Level 4.6 Maces & Flails
 - Level 2.6 Dodging
 - Level 3.0 Shields


You had 5 spell levels left.
You didn't know any spells.

Dungeon Overview and Level Annotations

Branches:
Dungeon (4/15)
 Temple: D:4-7

Altars:
Ashenzari
Elyvilon
Trog

Annotations:
D:2 Natasha


Innate Abilities, Weirdness & Mutations

Your plain brown scales are hard (AC +6).
Your body does not fit into most forms of armour.
You are cold-blooded and may be slowed by cold attacks.


Message History

The puff of flame hits you!
* * * LOW HITPOINT WARNING * * *
You closely miss the orc. The orc hits you but does no damage.
You hear some strange, mumbled words.
Something tries to affect you, but you resist.
Something hits you.
* * * LOW HITPOINT WARNING * * *
Something hits you.
* * * LOW HITPOINT WARNING * * *
You feel sick.
You miss something. The orc hits you.
* * * LOW HITPOINT WARNING * * *
You hear some strange, mumbled words.
A puff of flame appears from out of thin air!
The puff of flame hits you!
* * * LOW HITPOINT WARNING * * *
You barely miss the orc.
Your tail-slap misses the orc.
The orc hits you but does no damage. Something hits you but does no damage.
Something hits you.
You die...

..#....... #......#...........
..#....... #......#...........
..#.....#### #......'...........
..#.....#.... #......#...........
(.#.....#....##......#..o.(......
..#.....#.....(..(..(#.....o.o<..
#)#.....#............(...........
รท)......#######......#...........
........#....##.@....#.....######
........#....##{o....#.....#
.....[..#....##......#.....#
........#......).....#.....#
........###'###).....#.....#
###...........#...)..#####.#
+...........+......#.....#
#...........#......#....##
#...........#......#.....#


You could see an orc.

Vanquished Creatures
  Eustachio (D:3)
  2 orc priests (D:4)
  Robin (D:4)
  3 adders
  2 worms
  2 giant geckos
  3 orcs
  5 bats
  3 giant cockroaches
  9 hobgoblins
  A quokka (D:3)
  5 giant newts
  15 goblins
  4 kobolds
  6 rats
62 creatures vanquished.

Vanquished Creatures (others)
  A wizard (D:3)
1 creature vanquished.

Grand Total: 63 creatures vanquished

Notes
Turn   | Place    | Note
--------------------------------------------------------------
     0 | D:1      | Kloppie the Draconian Fighter began the quest for the Orb.
     0 | D:1      | Reached XP level 1. HP: 19/19 MP: 1/1
   209 | D:1      | Reached XP level 2. HP: 25/27 MP: 2/2
   721 | D:2      | Noticed Natasha
   783 | D:2      | Reached skill level 4 in Fighting
   914 | D:2      | Found a shattered altar of Ashenzari.
   936 | D:2      | Reached XP level 3. HP: 29/33 MP: 3/3
  1096 | D:2      | Found a white marble altar of Elyvilon.
  1158 | D:3      | Found a bloodstained altar of Trog.
  1302 | D:3      | Reached XP level 4. HP: 36/41 MP: 4/4
  1386 | D:3      | Found a bloodstained altar of Trog.
  1387 | D:3      | Noticed a wizard
  1393 | D:3      | Killed a wizard
  1581 | D:4      | Noticed Eustachio
  1582 | D:4      | Noticed Robin
  2218 | D:3      | Killed Eustachio
  2218 | D:3      | Reached skill level 5 in Fighting
  2218 | D:3      | Reached XP level 5. HP: 5/50 MP: 5/5
  2512 | D:4      | Killed Robin
  2552 | D:4      | Reached XP level 6. HP: 54/57 MP: 6/6
  2568 | D:4      | Slain by an orc wizard

Action                   |  1- 3 |  4- 6 || total
-------------------------+-------+-------++-------
Melee: Flail             |   102 |    64 ||   166
  Use: Potion            |       |     1 ||     1
 Stab: Sleeping          |     3 |       ||     3
  Eat: Chunk             |     1 |     4 ||     5
       Fruit             |       |     3 ||     3
       Pizza             |       |     1 ||     1
